 Dungeon Crawl Stone Soup version 0.17-a0-1949-g1acca9a (webtiles) character file.

401 Ordine the Cruncher (level 6, 0/50 HPs)
             Began as a Minotaur Gladiator on Oct 2, 2015.
             Succumbed to poison (a potion of poison)
             ... on level 4 of the Dungeon.
             The game lasted 00:13:44 (3359 turns).

Ordine the Cruncher (Minotaur Gladiator)            Turns: 3359, Time: 00:13:44

Health: 0/50       AC: 12    Str: 19    XL:     6   Next: 54%
Magic:  5/5        EV:  8    Int:  8    God:
Gold:   148        SH:  0    Dex: 13    Spells: 0 memorised, 5 levels left

rFire  . . .     SeeInvis +     a - +1 quarterstaff
rCold  . . .     Clarity  .     o - +0 chain mail
rNeg   . . .     SustAt   .     (no shield)
rPois  .         Gourm    .     j - +2 hat
rElec  .         Spirit   .     v - +0 cloak
rCorr  .         Warding  .     h - +0 pair of gloves
rMut   .         Stasis   .     (no boots)
MR     .....                    (no amulet)
Stlth  ..........               b - ring of see invisible
                                f - +3 ring of intelligence

@: lethally poisoned (0 -> -9), very slightly contaminated, hasted, very quick,
not resistant to hostile enchantments, extremely unstealthy
A: retaliatory headbutt, horns 2
a: no special abilities


You were on level 4 of the Dungeon.
You were hungry.

You visited 1 branch of the dungeon, and saw 4 of its levels.

You collected 148 gold pieces.

Inventory:

Hand weapons
 a - a +1 quarterstaff (weapon)
Armour
 h - a +0 pair of gloves (worn)
 j - a +2 hat (worn)
 o - a +0 chain mail (worn)
 v - a +0 cloak (worn)
Jewellery
 b - a ring of see invisible (right hand)
 f - a +3 ring of intelligence (left hand)
Magical devices
 r - a wand of digging (12)
 s - a wand of polymorph (11)
Scrolls
 k - a scroll of teleportation
 n - a scroll of remove curse
 x - 2 scrolls of enchant weapon
Potions
 i - 3 potions of resistance
 l - a potion of haste
 p - 2 potions of cancellation {unknown}
 u - a potion of magic {unknown}
 w - a potion of might {unknown}
Books
 q - a Young Poisoner's Handbook

   Spells                             Type                      Level
   a - Sting                          Conjuration/Poison           1
   b - Cure Poison                    Poison                       2
   c - Mephitic Cloud                 Conjuration/Poison/Air       3
   d - Olgreb's Toxic Radiance        Poison                       4
   e - Venom Bolt                     Conjuration/Poison           5
Comestibles
 c - 2 beef jerkies
 d - a slice of pizza
 e - 4 bread rations
 g - 2 meat rations


   Skills:
 - Level 2.4 Fighting
 + Level 9.0 Staves
 - Level 2.0 Throwing
 - Level 3.2 Dodging


You had 5 spell levels left.
You didn't know any spells.

Dungeon Overview and Level Annotations

Branches:
Dungeon (4/15)
 Temple: D:4-7

Altars:
Ashenzari
Makhleb
Trog
Xom
Yredelemnul
Zin
The Shining One

Annotations:
D:4 Ordine's ghost, experienced MiGl


Innate Abilities, Weirdness & Mutations

You reflexively headbutt those who attack you in melee.
You have a pair of horns on your head.


Message History

Ordine's ghost is severely damaged.
Ordine's ghost says, "I excel at staving off weak adventurers."
Ordine's ghost completely misses you.
You hit Ordine's ghost but do no damage.
Your headbutt misses Ordine's ghost.
Ordine's ghost is severely damaged.
You sock Ordine's ghost!
Ordine's ghost is almost destroyed.
Ordine's ghost completely misses you.
You hit Ordine's ghost but do no damage.
You headbutt Ordine's ghost.
Ordine's ghost is almost destroyed.
Ordine's ghost lets out a mournful wail.
Ordine's ghost hits you!
* * * LOW HITPOINT WARNING * * *
Drink which item? (? for menu, Esc to quit)
It was a potion of poison.
That liquid tasted very nasty...
You are lethally poisoned!
You die...

#.#...# #..# #...#.#
#..' ## #####.# ##.# ..
#.# ### #. #.# #♣ # #.
##.# ###≈ .##?##. ##..#
##.#≈
.......######...####..##
......W@...........+..##
..#.#########...####....
#.......#...
#.#.###.##.. #.#.#
#.###. #.#.# #.# ##
#.#.# #.# # #.#.# #.# #
#.#.###.# ##


You could see Ordine's ghost.

Vanquished Creatures
  Eustachio (D:4)
  Jessica (D:2)
  2 worker ants
  2 orc wizards (D:3)
  6 adders
  An adder skeleton (D:4)
  A worm (D:1)
  2 giant geckos (D:2)
  4 orcs (D:3)
  10 bats
  9 hobgoblins
  6 jackals (D:3)
  7 kobolds
  4 ball pythons
  4 giant cockroaches
  3 giant newts
  9 goblins
  8 rats
80 creatures vanquished.

Notes
Turn   | Place    | Note
--------------------------------------------------------------
     0 | D:1      | Ordine the Minotaur Gladiator began the quest for the Orb.
     0 | D:1      | Reached XP level 1. HP: 18/18 MP: 0/0
    97 | D:1      | Reached skill level 4 in Staves
   274 | D:1      | Reached XP level 2. HP: 25/25 MP: 1/1
   829 | D:1      | Reached skill level 5 in Staves
   912 | D:2      | Found a glowing golden altar of the Shining One.
   919 | D:2      | Reached XP level 3. HP: 20/30 MP: 2/2
  1055 | D:2      | Noticed Jessica
  1085 | D:2      | Killed Jessica
  1085 | D:2      | Reached XP level 4. HP: 37/37 MP: 3/3
  1122 | D:2      | Reached skill level 6 in Staves
  1198 | D:2      | Found a burning altar of Makhleb.
  1198 | D:2      | Found a basalt altar of Yredelemnul.
  1200 | D:2      | Found a glowing silver altar of Zin.
  1875 | D:2      | Found a shattered altar of Ashenzari.
  1875 | D:2      | Found a shimmering altar of Xom.
  1937 | D:3      | Reached skill level 7 in Staves
  1937 | D:3      | Reached XP level 5. HP: 18/42 MP: 4/4
  2881 | D:4      | Noticed Eustachio
  2899 | D:4      | Killed Eustachio
  2899 | D:4      | Reached skill level 8 in Staves
  2899 | D:4      | Reached XP level 6. HP: 29/50 MP: 5/5
  3197 | D:4      | Found a bloodstained altar of Trog.
  3314 | D:4      | Reached skill level 9 in Staves
  3321 | D:4      | Noticed Ordine's ghost (experienced MiGl)
  3358 | D:4      | HP: 1/50 [Ordine's ghost (7)]
  3359 | D:4      | Succumbed to poison (a potion of poison)

Vault maps used:
D:1:      evilmike_arrival_run_for_it
D:2:      nicolae_overflow_hidden_temple, old_standard_altar, uniq_jessica
D:3:      first_bread
D:4:      kennysheep_little_box, saegor_snake_ambush, uniq_eustachio

Action                   |  1- 3 |  4- 6 || total
-------------------------+-------+-------++-------
Melee: Quarterstaff      |    72 |   165 ||   237
  Use: Scroll            |     5 |     5 ||    10
       Potion            |       |     4 ||     4
  Eat: Chunk             |       |     7 ||     7
